 Dungeon Crawl Stone Soup version 0.28-a0-1616-g050a50673c (webtiles) character file.

Game seed: 5204767712518847537

2807 bearlyready the Basher (level 9, 0/74 HPs)
             Began as a Gnoll Cinder Acolyte on Jan 22, 2022.
             Was an Initiate of Cheibriados.
             Slain by a fire elemental (12 damage)
             ... created by the fiery vengeance of Ignis
             ... on level 5 of the Dungeon.
             The game lasted 00:11:31 (8200 turns).

bearlyready the Basher (Gnoll Cinder Acolyte)       Turns: 8200, Time: 00:11:32

Health: 0/74       AC:  8    Str: 14    XL:     9   Next: 72%
Magic:  17/17      EV: 13    Int: 15    God:    Cheibriados [......]
Gold:   239        SH:  0    Dex: 13    Spells: 13/18 levels left

rFire   . . .      SeeInvis .   w - +4 falchion
rCold   + . .      Faith    .   H - orb {*channel}
rNeg    . . .      Spirit   .   N - +2 robe {rF+}
rPois   .          Reflect  .   (no helmet)
rElec   .          Harm     .   r - +0 cloak
rCorr   .          Rampage  .   C - +2 pair of gloves
Will    +....                   (no boots)
Stlth   +++.......              (no amulet)
HPRegen 0.22/turn               s - ring of willpower
MPRegen 0.15/turn               A - ring of protection from cold

@: about to teleport, fire susceptible, very slow
A: fangs 1, strong nose, distributed training
a: Renounce Religion


You were on level 5 of the Dungeon.
You worshipped Cheibriados.
Cheibriados was noncommittal.
You visited 2 branches of the dungeon, and saw 8 of its levels.

You collected 239 gold pieces.

Inventory:

Hand Weapons
 a - a -1 mace of flaming
 b - a +1 hunting sling
 i - a +0 short sword of holy wrath
 t - a +0 morningstar
 w - a +4 falchion (weapon)
 y - a +0 hand axe of flaming
 B - a +2 falchion of holy wrath
 M - a +1 whip of freezing
 Q - a +0 rapier
Missiles
 g - 137 stones (quivered)
 u - 52 arrows
 E - 5 poisoned darts
 F - 6 sling bullets
 G - 26 bolts
Armour
 r - a +0 cloak (worn)
 C - a +2 pair of gloves (worn)
 H - an orb of energy (worn)
 N - a +2 robe of fire resistance (worn)
 R - the +0 ring mail "Vuoh" {MP+9}
   (You found it on level 6 of the Dungeon)

   MP:        It affects your magic capacity (+9).
 S - +0 steam dragon scales
Jewellery
 s - a ring of willpower (left hand)
 A - a ring of protection from cold (right hand)
 L - a ring of positive energy
 P - a ring of protection from cold
Wands
 l - a wand of iceblast (6)
Scrolls
 c - 4 scrolls of identify {unknown}
 h - 2 scrolls of enchant weapon
 m - 2 scrolls of fear {unknown}
 n - 2 scrolls of blinking {unknown}
 o - 2 scrolls of immolation {unknown}
 q - a scroll of silence {unknown}
 D - 2 scrolls of magic mapping {unknown}
 I - a scroll of enchant armour {unknown}
 K - a scroll of noise {unknown}
 O - a scroll of vulnerability {unknown}
Potions
 d - a potion of invisibility {unknown}
 e - 4 potions of curing
 f - a potion of brilliance {unknown}
 k - a potion of degeneration {unknown}
 p - 3 potions of mutation {unknown}
 v - a potion of lignification {unknown}
 x - 2 potions of heal wounds {unknown}
 z - a potion of might {unknown}
 J - a potion of ambrosia {unknown}


   Skills:
 + Level 8.0 Fighting
 + Level 4.5 Short Blades
 + Level 4.5 Long Blades
 + Level 4.5 Axes
 + Level 8.0 Maces & Flails
 + Level 4.5 Polearms
 + Level 4.5 Staves
 + Level 4.5 Slings
 + Level 4.5 Bows
 + Level 4.5 Crossbows
 + Level 4.5 Throwing
 + Level 4.5 Armour
 + Level 4.5 Dodging
 + Level 4.5 Stealth
 + Level 4.5 Shields
 + Level 4.5 Unarmed Combat
 + Level 5.4 Spellcasting
 + Level 3.7 Conjurations
 + Level 3.7 Hexes
 + Level 3.7 Summonings
 + Level 3.7 Necromancy
 + Level 3.7 Translocations
 + Level 3.7 Transmutations
 + Level 6.7 Fire Magic
 + Level 3.7 Ice Magic
 + Level 3.7 Air Magic
 + Level 3.7 Earth Magic
 + Level 3.7 Poison Magic
 + Level 5.0 Invocations
 + Level 4.5 Evocations


You had 13 spell levels left.
You knew the following spells:

 Your Spells              Type           Power      Damage    Failure   Level
a - Scorch                Fire           48%        2d7       1%          2
b - Confusing Touch       Hex            15%        N/A       10%         3

Your spell library contained the following spells:

 Spells                   Type           Power      Damage    Failure   Level
 Blade Hands              Tmut           7%         N/A       67%         5
 Irradiate                Conj/Tmut      7%         3d15      67%         5
 Yara's Violent Unravell  Hex/Tmut       7%         3d5       67%         5
 Dragon Form              Tmut           7%         N/A       100%        7
 Enfeeble                 Hex            7%         N/A       100%        7


Dungeon Overview and Level Annotations

Branches:
Dungeon (7/15)             Temple (1/1) D:6

Altars:
Ashenzari
Cheibriados
Dithmenos
Elyvilon
Fedhas
Gozag
Hepliaklqana
Kikubaaqudgha
Makhleb
Nemelex Xobeh
Okawaru
Qazlal
Ru
Trog
Uskayaw
Vehumet
Wu Jian
Xom
Zin
The Shining One

Shops:
D:4 (

Annotations:
D:3 1 runed translucent door, Crazy Yiuf


Innate Abilities, Weirdness & Mutations

You have very sharp teeth.
Your uncanny sense of smell can sniff out nearby items.
Your experience applies equally to all skills.


Message History

A gnoll comes into view. It is wielding a +0 halberd.
You see here an orange potion.
Found a pair of boots.
You see here 19 arrows.
u - 52 arrows (gained 19)
Found a plate armour.
Found a gold wand.
There is an escape hatch in the ceiling here.
A mysterious force pulls you upwards. The hatch slams shut behind you.
You start resting. "With a thousand fires I burned cities, but these will suffice for you!" 3 fire elementals come into view.
There are monsters nearby!
The fire elemental hits you. The fire elemental burns you!
The fire elemental hits you. The fire elemental burns you!
There is a stone staircase leading up here.
The fire elemental misses you. The fire elemental barely misses you.
The fire elemental hits you. The fire elemental burns you!
The fire elemental misses you. The fire elemental hits you.
The fire elemental burns you!
You climb upwards.
There is a stone staircase leading down here.
You hit the fire elemental.
You bite the fire elemental, but do no damage.
The fire elemental is lightly damaged.
The fire elemental closely misses you. The fire elemental barely misses you.
The fire elemental misses you. The fire elemental hits you.
The fire elemental burns you! The fire elemental hits you.
The fire elemental burns you!
* * * LOW HITPOINT WARNING * * *
As you read the scroll of teleportation, it crumbles to dust.
You feel strangely unstable. The fire elemental hits you.
The fire elemental burns you!
* * * LOW HITPOINT WARNING * * *
The fire elemental hits you. The fire elemental burns you!
* * * LOW HITPOINT WARNING * * *
It was a potion of curing.
You feel better. The fire elemental barely misses you.
The fire elemental misses you. The fire elemental hits you.
The fire elemental burns you!
You die...

#.#....####.....#.#
#.####....'.....#.#
#######...#######.......#
#...............+.....#######
#...........####+...........#
#...).................#####.#
#............°............#.#
#...........EE.......###....#
#............@#####.........#
#..........)..###...........#
#.................######....#
#########.....######## #...##
##.#<........# #<...#
#.#...#####.###..#.## #.....#
#......#..#
##....##########.....
#.........).........


You could see 2 fire elementals.

Vanquished Creatures
  Pikel (D:6)
  Eustachio (D:6)
  A steam dragon (D:7)
  3 water moccasins
  A black bear (D:4)
  2 ice beasts
  4 ogres
  2 sky beasts (D:6)
  A centaur (D:5)
  4 lemures
  2 phantoms (D:5)
  A howler monkey (D:7)
  A centaur zombie (D:6)
  3 hounds
  An orc priest (D:3)
  A jelly (D:4)
  A gnoll shaman (D:6)
  A bullfrog skeleton (D:4)
  Jessica (D:3)
  3 iguanas (D:5)
  3 orc wizards
  2 killer bee zombies
  A hound zombie (D:5)
  A hound skeleton (D:5)
  A howler monkey zombie (D:4)
  4 gnolls (D:6)
  5 adders
  An ufetubus (D:5)
  5 dart slugs
  16 orcs
  6 endoplasms
  5 giant cockroaches
  4 goblins (D:2)
  5 hobgoblins
  2 jackals (D:3)
  7 kobolds
  3 quokkas
  6 ball pythons
  5 bats
  3 frilled lizards (D:1)
  2 rats
  A bush (D:1)
123 creatures vanquished.

Vanquished Creatures (others)
  86 foxfires (D:6)
86 creatures vanquished.

Grand Total: 209 creatures vanquished

Notes
Turn   | Place    | Note
-------+----------+-------------------------------------------
     0 | D:1      | bearlyready the Gnoll Cinder Acolyte began the quest for
                  | the Orb.
     0 | D:1      | Reached XP level 1. HP: 23/23 MP: 4/4
   329 | D:1      | Reached XP level 2. HP: 21/29 MP: 5/5
  1235 | D:2      | Reached XP level 3. HP: 35/35 MP: 7/7
  1465 | D:2      | Learned a level 2 spell: Scorch
  1596 | D:2      | You fall into a shaft and drop 1 floor!
  1598 | D:3      | Noticed Jessica
  1599 | D:3      | Killed Jessica
  1600 | D:3      | Reached skill level 1 in Short Blades
  1600 | D:3      | Reached skill level 1 in Long Blades
  1600 | D:3      | Reached skill level 1 in Axes
  1600 | D:3      | Reached skill level 1 in Polearms
  1600 | D:3      | Reached skill level 1 in Staves
  1600 | D:3      | Reached skill level 1 in Slings
  1600 | D:3      | Reached skill level 1 in Bows
  1600 | D:3      | Reached skill level 1 in Crossbows
  1600 | D:3      | Reached skill level 1 in Throwing
  1600 | D:3      | Reached skill level 1 in Armour
  1600 | D:3      | Reached skill level 1 in Dodging
  1600 | D:3      | Reached skill level 1 in Stealth
  1600 | D:3      | Reached skill level 1 in Shields
  1600 | D:3      | Reached skill level 1 in Unarmed Combat
  1600 | D:3      | Reached skill level 1 in Invocations
  1600 | D:3      | Reached skill level 1 in Evocations
  1600 | D:3      | Reached XP level 4. HP: 41/41 MP: 8/8
  1694 | D:2      | Found a shimmering altar of Xom.
  2091 | D:3      | Reached skill level 1 in Conjurations
  2091 | D:3      | Reached skill level 1 in Hexes
  2091 | D:3      | Reached skill level 1 in Summonings
  2091 | D:3      | Reached skill level 1 in Necromancy
  2091 | D:3      | Reached skill level 1 in Translocations
  2091 | D:3      | Reached skill level 1 in Transmutations
  2091 | D:3      | Reached skill level 1 in Ice Magic
  2091 | D:3      | Reached skill level 1 in Air Magic
  2091 | D:3      | Reached skill level 1 in Earth Magic
  2091 | D:3      | Reached skill level 1 in Poison Magic
  2558 | D:3      | Reached XP level 5. HP: 29/47 MP: 9/9
  2808 | D:3      | Identified the +3 ring mail of the Hall of Blades {rF+}
  3267 | D:3      | Found a runed translucent door.
  3268 | D:3      | Noticed Crazy Yiuf
  3655 | D:4      | Reached XP level 6. HP: 35/53 MP: 9/11
  4256 | D:4      | Found Diapreihi's Antique Weapon Boutique.
  4364 | D:4      | Noticed a black bear
  4399 | D:4      | Killed a black bear
  4404 | D:4      | Reached XP level 7. HP: 34/60 MP: 5/12
  4728 | D:5      | Entered Level 5 of the Dungeon
  5262 | D:5      | Reached XP level 8. HP: 39/67 MP: 14/14
  5763 | D:5      | Noticed a yak
  5764 | D:5      | Noticed a yak
  5764 | D:5      | Noticed a yak
  5765 | D:5      | Noticed a yak
  5780 | D:6      | Noticed Pikel
  6522 | D:6      | Killed Pikel
  6523 | D:6      | Reached XP level 9. HP: 13/73 MP: 14/16
  6547 | D:6      | Learned a level 3 spell: Confusing Touch
  6857 | D:6      | Reached skill level 5 in Spellcasting
  7131 | D:6      | Noticed Eustachio
  7140 | D:6      | Killed Eustachio
  7167 | D:6      | Identified the +0 ring mail "Vuoh" {MP+9}
  7175 | D:6      | Found a staircase to the Ecumenical Temple.
  7519 | Temple   | Entered the Ecumenical Temple
  7914 | Temple   | Fell from the grace of Ignis
  7914 | Temple   | Became a worshipper of Cheibriados the Contemplative
  8069 | D:7      | Reached skill level 5 in Invocations
  8199 | D:5      | HP: 2/74 [fire elemental[the fiery vengeance of Ignis] (9)]
  8200 | D:5      | Slain by a fire elemental

Illustrated notes

Levels and vault maps discovered:
D:1:      roderic_chinese_lattice_arrival, layout_basic, minmay_misc_feat_chi,
          moated_statue, minmay_hedge_maze, due_unseen_surprise
D:2:      layout_basic, basic_altar
D:3:      layout_loops_cross, uniq_jessica, uniq_crazy_yiuf_cottage
D:4:      layout_basic, serial_shops, kennysheep_little_box, kennysheep_dice
D:5:      layout_basic, minmay_fractal_squares_gapless_5, uniq_menkaure
D:6:      layout_cave_pools, minmay_temple_entry_large_hall, uniq_pikel,
          uniq_eustachio
D:7:      layout_gridville, serial_shops, shop, kennysheep_generic_room_13
Temple:   mainiacjoe_temple_big_plus

Skill      XL: |  1  2  3  4  5  6  7  8  9 |
---------------+----------------------------+-----
Short Blades   | 1 2 3 4 |  4.5
Long Blades    | 1 2 3 4 |  4.5
Axes           | 1 2 3 4 |  4.5
Polearms       | 1 2 3 4 |  4.5
Staves         | 1 2 3 4 |  4.5
Slings         | 1 2 3 4 |  4.5
Bows           | 1 2 3 4 |  4.5
Crossbows      | 1 2 3 4 |  4.5
Throwing       | 1 2 3 4 |  4.5
Armour         | 1 2 3 4 |  4.5
Dodging        | 1 2 3 4 |  4.5
Stealth        | 1 2 3 4 |  4.5
Shields        | 1 2 3 4 |  4.5
Unarmed Combat | 1 2 3 4 |  4.5
Invocations    | 1 2 3 4 5 |  5.0
Evocations     | 1 2 3 4 |  4.5
Spellcasting   | 3 4 5 |  5.4
Conjurations   | 1 2 3 |  3.7
Hexes          | 1 2 3 |  3.7
Summonings     | 1 2 3 |  3.7
Necromancy     | 1 2 3 |  3.7
Translocations | 1 2 3 |  3.7
Transmutations | 1 2 3 |  3.7
Ice Magic      | 1 2 3 |  3.7
Air Magic      | 1 2 3 |  3.7
Earth Magic    | 1 2 3 |  3.7
Poison Magic   | 1 2 3 |  3.7
Fighting       | 7 8 |  8.0
Maces & Flails | 7 8 |  8.0
Fire Magic     | 6 |  6.7

Action                   |  1- 3 |  4- 6 |  7- 9 || total
-------------------------+-------+-------+-------++-------
Melee: Mace              |   177 |   214 |   228 ||   619
       Bite              |    23 |    21 |    27 ||    71
       Punch             |     3 |     2 |       ||     5
       Falchion          |       |       |     7 ||     7
 Fire: Hunting sling     |       |       |     8 ||     8
Throw: Stone             |       |     2 |     3 ||     5
 Cast: Scorch            |       |     2 |       ||     2
Invok: Fiery Armour      |       |       |     5 ||     5
       Foxfire Swarm     |       |       |     5 ||     5
Evoke: Wand              |       |     4 |    14 ||    18
  Use: Scroll            |       |       |     3 ||     3
       Potion            |       |       |     1 ||     1
 Stab: Sleeping          |       |       |     1 ||     1
Armor: Robe              |    30 |       |    44 ||    74
       Scale mail        |       |   114 |   123 ||   237
Dodge: Dodged            |    48 |   123 |   142 ||   313

Table legend: (Time is in decaauts)
 A = Elapsed time spent in this place.
 B = Non-inter-level travel time spent in this place.
 C = Inter-level travel time spent in this place.
 D = Time resting spent in this place.
 E = Time spent auto-exploring this place.
 F = Levels seen in this place.
 G = Mean time per level.
                   A        B        C        D        E       F      G
               +--------+--------+--------+--------+--------+-----+--------+
         Total |   8273 |   7990 |    283 |    804 |   5600 |   8 | 1034.1 |
       Dungeon |   7839 |   7593 |    246 |    804 |   5216 |   7 | 1119.9 |
        Temple |    434 |    397 |     37 |      0 |    384 |   1 |  434.0 |
               +--------+--------+--------+--------+--------+-----+--------+

Top non-repeatable levels by time:
     D:5: 1627 daAuts
     D:6: 1327 daAuts
     D:3: 1309 daAuts
     D:4: 1282 daAuts
     D:2: 1101 daAuts
     D:1: 1066 daAuts
  Temple: 434 daAuts
     D:7: 125 daAuts
